 Dungeon Crawl Stone Soup version 0.22-a0-580-gd5db89c (webtiles) character file.

40971 nikopol the Eclecticist (level 13, -7/64 (66) HPs)
             Began as a Deep Elf Fire Elementalist on July 3, 2018.
             Was a High Priest of Vehumet.
             Mangled by an anaconda (16 damage)
             ... on level 6 of the Lair of Beasts.
             The game lasted 01:25:43 (25714 turns).

nikopol the Eclecticist (DEFE)                     Turns: 25714, Time: 01:25:43

HP:   -7/64 (66)    AC:  4    Str:  5    XL:     13   Next: 77%
MP:   2/35          EV: 13    Int: 26    God:    Vehumet [*****.]
Gold: 847           SH: 10    Dex: 15    Spells: 18/44 levels left

rFire    + + .     SeeInvis .   T - staff of energy
rCold    x . .     Gourm    .   m - +1 buckler
rNeg     . . .     Faith    .   b - +0 robe {rF+}
rPois    +         Spirit   .   (no helmet)
rElec    .         Reflect  +   w - scarf {cloud immunity}
rCorr    .         Harm     .   (no gloves)
MR       +....                  P - +1 pair of boots
Stlth    +++.......             O - +4 amulet of reflection
HPRegen  0.20/turn              A - ring of poison resistance
MPRegen  0.24/turn              F - ring of fire

@: about to teleport, constricted
A: no striking features
a: Renounce Religion


You were on level 6 of the Lair of Beasts.
You worshipped Vehumet.
Vehumet was extremely pleased with you.
You were not hungry.

You visited 3 branches of the dungeon, and saw 17 of its levels.
You also visited: Ice Cave.

You collected 883 gold pieces.
You spent 36 gold pieces at shops.

Inventory:

Hand Weapons
 u - a +6 short sword of freezing
Armour
 b - a +0 robe of fire resistance (worn)
 m - a +1 buckler (worn)
 w - a scarf of cloud immunity (worn)
 P - a +1 pair of boots (worn)
Magical Staves
 T - an uncursed staff of energy (weapon)
Jewellery
 s - an uncursed ring of flight {unknown}
 A - a ring of poison resistance (left hand)
 F - a ring of fire (right hand)
 M - an uncursed ring of ice
 O - a +4 amulet of reflection (around neck)
 U - an uncursed ring of see invisible
Wands
 h - a wand of digging (33)
 l - a wand of enslavement (18)
 x - a wand of acid (5)
 E - a wand of disintegration (16)
 H - a wand of paralysis (4)
 I - a wand of iceblast (10)
 V - a wand of flame (86)
Scrolls
 a - a scroll of brand weapon
 d - 9 scrolls of remove curse
 f - 4 scrolls of teleportation
 g - 3 scrolls of enchant weapon
 i - a scroll of fear
 o - 2 scrolls of magic mapping
 r - 4 scrolls of enchant armour
 t - 5 scrolls of fog
 y - a scroll of holy word
 C - 5 scrolls of blinking
 G - 2 scrolls of amnesia
 N - a scroll of summoning
Potions
 e - 3 potions of lignification
 j - 3 potions of might
 k - 7 potions of heal wounds
 n - 2 potions of invisibility
 p - 8 potions of curing
 q - 4 potions of flight
 v - 2 potions of cancellation
 z - 4 potions of mutation
 B - 2 potions of resistance
 D - a potion of brilliance
 J - a potion of ambrosia
 K - a potion of magic
 L - a potion of haste
Comestibles
 c - 29 rations
 Q - a chunk of flesh


   Skills:
 + Level 1.8 Fighting
 + Level 6.5 Dodging
 + Level 5.0 Stealth
 + Level 4.6 Shields
 + Level 16.3 Spellcasting
 + Level 13.9 Conjurations
   Level 0.1 Hexes
 + Level 13.2 Fire Magic
 + Level 5.0 Earth Magic


You had 18 spell levels left.
You knew the following spells:

 Your Spells              Type           Power        Failure   Level  Hunger
a - Flame Tongue          Conj/Fire      #####        0%          1    None
b - Throw Flame           Conj/Fire      ######       0%          2    None
c - Conjure Flame         Conj/Fire      #######.     1%          3    None
d - Sticky Flame          Conj/Fire      #######.     1%          4    None
e - Fireball              Conj/Fire      #######...   1%          5    None
f - Iron Shot             Conj/Erth      ######....   2%          6    None
g - Bolt of Magma         Conj/Fire/Erth #######...   1%          5    None

Your spell library contained the following spells:

 Spells                   Type           Power        Failure   Level  Hunger
 Cause Fear               Hex            ###.......   22%         4    None
 Slow                     Hex            ###.....     3%          2    None
 Confuse                  Hex            ###.....     7%          3    None
 Venom Bolt               Conj/Pois      ######....   1%          5    None
 Tukima's Dance           Hex            ###.....     7%          3    None
 Spider Form              Tmut/Pois      ###.......   8%          3    None
 Blade Hands              Tmut           ###.......   56%         5    None
 Ice Form                 Ice/Tmut       ###.....     24%         4    None
 Sticks to Snakes         Tmut           ###.....     3%          2    None
 Ensorcelled Hibernation  Hex/Ice        ###...       3%          2    None
 Corona                   Hex            ###....      2%          1    None
 Portal Projectile        Hex/Tloc       ###...       7%          3    None
 Orb of Destruction       Conj           #######...   1%          7    None
 Leda's Liquefaction      Hex/Erth       ####......   9%          4    None
 Inner Flame              Hex/Fire       ######..     1%          3    None
 Beastly Appendage        Tmut           ###...       2%          1    None
 Iskenderun's Battlesphe  Conj/Chrm      ######..     1%          5    None
 Dazzling Spray           Conj/Hex       ######       1%          3    None
 Spellforged Servitor     Conj/Summ      ######....   28%         7    None


Dungeon Overview and Level Annotations

Branches:
Dungeon (10/15)            Temple (1/1) D:4            Lair (6/6) D:10
  Swamp (0/4) Lair:4        Snake (0/4) Lair:2        Slime (0/5) Lair:6
    Orc: D:9-12

Altars:
Ashenzari
Cheibriados
Dithmenos
Elyvilon
Fedhas
Gozag
Hepliaklqana
Kikubaaqudgha
Makhleb
Nemelex Xobeh
Okawaru
Qazlal
Ru
Sif Muna
Trog
Uskayaw
Vehumet
Wu Jian
Xom
Yredelemnul
Zin
The Shining One
Beogh

Shops:
D:6 *   D:8 [


Message History

The anaconda is lightly wounded.
The anaconda is covered in liquid flames!
The anaconda burns!
The anaconda barely misses you. You block the anaconda's attack.
The anaconda burns!
You block the anaconda's attack. The anaconda bites you.
The anaconda burns!
The anaconda barely misses you. The anaconda bites you.
The anaconda burns!
The anaconda closely misses you. The anaconda bites you!
The anaconda burns!
The anaconda misses you. x2
The anaconda burns!
As you read the scroll of teleportation, it crumbles to dust.
You feel strangely unstable.
The anaconda burns!
You block the anaconda's attack. The anaconda bites you.
The anaconda barely misses you. The anaconda bites you!!
* * * LOW HITPOINT WARNING * * *
The anaconda burns!
The anaconda grabs you. The anaconda barely misses you.
* * * LOW HITPOINT WARNING * * *
The anaconda constricts you.
The anaconda's grasp on you weakens, but your attempt to escape fails.
The anaconda burns!
The anaconda bites you!
You die...

........# #### #####.#...#...
........## #P.###....#........
.........## ##.P#............#.
..........# #....#.....#.#.#.##
#........## ###.....#...#########
........## #....P...####
........# ##.......## ........#
##.PSP..P## ........###
#..@..P..P### ..........#
##...........##
.........####.#...........#######
...........##.............#......
.................................
.................................
.................................
.................................
.................................


You could see an anaconda (burning).

Vanquished Creatures
  4 hydras
  An alligator (Lair:6)
  Nergalle (D:9)
  An unseen horror (D:10)
  A necromancer (IceCv)
  An ugly thing (D:9)
  2 oklob plants (Lair:3)
  6 elephants
  5 black mambas
  A torpor snail (Lair:6)
  A gargoyle (D:10)
  2 ice statues (IceCv)
  9 spiny frogs
  5 komodo dragons
  5 ice devils (IceCv)
  A troll (D:10)
  9 polar bears
  Prince Ribbit (D:6)
  19 blink frogs
  A raiju (Lair:6)
  3 dream sheep (Lair:6)
  7 hippogriffs
  The ghost of iamserjio the Skirmisher, an amateur GrFi of Makhleb (D:6)
  Sigmund (D:5)
  37 yaks
  A basilisk (Lair:6)
  A wyvern (Lair:4)
  A hungry ghost (D:9)
  2 steam dragons
  3 wargs (Lair:6)
  5 hell hounds (Lair:6)
  7 water moccasins
  9 porcupines
  12 black bears
  3 necrophages
  3 sky beasts
  5 orc warriors
  4 phantoms
  3 ice beasts
  13 wolves
  4 ogres
  7 crocodiles
  11 bullfrogs
  A water moccasin zombie (D:9)
  3 scorpions
  4 killer bees (D:9)
  9 wights
  6 howler monkeys
  A crimson imp (D:10)
  3 electric eels
  A bullfrog zombie (D:7)
  2 draconian simulacra (IceCv)
  A quasit (D:9)
  3 centaur skeletons
  4 hounds
  13 jellies (Lair:6)
  2 orc priests
  10 orc wizards
  An iron imp (D:5)
  5 iguanas
  Natasha (thrice) (D:2)
  6 worker ants
  A spriggan simulacrum (IceCv)
  3 troll simulacra (IceCv)
  2 killer bee zombies
  11 gnolls
  4 naga simulacra (IceCv)
  7 adders
  A howler monkey skeleton (D:5)
  5 shadow imps
  3 oozes
  2 adder skeletons (D:4)
  5 worms
  5 dart slugs
  4 leopard geckos
  64 orcs
  9 bats
  8 giant cockroaches
  9 goblins
  7 hobgoblins
  7 jackals
  4 quokkas
  4 ball pythons
  4 frilled lizards
  2 goblin skeletons (D:7)
  2 goblin zombies (D:7)
  2 hobgoblin zombies (D:7)
  8 kobolds
  A kobold zombie (D:7)
  2 leopard gecko zombies (D:6)
  3 orc skeletons (D:7)
  An orc zombie (D:7)
  A quokka skeleton (D:4)
  14 rats
  6 plants
508 creatures vanquished.

Vanquished Creatures (others)
  4 fungi
  11 plants
15 creatures vanquished.

Grand Total: 523 creatures vanquished

Notes
Turn   | Place    | Note
-------+----------+-------------------------------------------
     0 | D:1      | nikopol the Deep Elf Fire Elementalist began the quest for the Orb.
     0 | D:1      | Reached XP level 1. HP: 10/10 MP: 6/6
   252 | D:1      | Reached XP level 2. HP: 15/15 MP: 2/8
   735 | D:1      | Reached XP level 3. HP: 19/19 MP: 7/10
   880 | D:1      | You fall through a shaft!
  1545 | D:2      | Noticed Natasha
  1554 | D:2      | Killed Natasha
  1554 | D:2      | Reached skill level 4 in Spellcasting
  1554 | D:2      | Reached XP level 4. HP: 6/24 MP: 4/12
  1824 | D:2      | Found an iron altar of Okawaru.
  2033 | D:2      | Noticed Natasha
  2040 | D:2      | Killed Natasha
  2358 | D:2      | Reached XP level 5. HP: 13/28 MP: 3/13
  2589 | D:2      | Noticed a phantom
  3020 | D:2      | Learned a level 2 spell: Throw Flame
  3024 | D:2      | Learned a level 3 spell: Conjure Flame
  3029 | D:2      | Learned a level 4 spell: Sticky Flame
  3206 | D:2      | Noticed Natasha
  3211 | D:2      | Killed Natasha
  3931 | D:3      | Noticed an ice beast
  3935 | D:3      | Killed an ice beast
  3935 | D:3      | Reached skill level 1 in Shields
  3935 | D:3      | Reached skill level 5 in Spellcasting
  3935 | D:3      | Reached skill level 5 in Fire Magic
  3935 | D:3      | Reached XP level 6. HP: 32/32 MP: 6/15
  4236 | D:4      | Found a staircase to the Ecumenical Temple.
  4355 | Temple   | Entered the Ecumenical Temple
  4573 | D:4      | Reached XP level 7. HP: 30/36 MP: 3/17
  4941 | D:4      | Reached skill level 6 in Spellcasting
  5244 | D:5      | Entered Level 5 of the Dungeon
  5244 | D:5      | Found a hazy altar of Hepliaklqana.
  5271 | D:5      | Found a basalt altar of Yredelemnul.
  5611 | D:5      | Reached XP level 8. HP: 41/41 MP: 7/20
  5612 | D:5      | Reached skill level 5 in Conjurations
  5768 | D:5      | Reached skill level 7 in Spellcasting
  5858 | D:5      | Learned a level 5 spell: Fireball
  6134 | D:5      | Noticed Sigmund
  6142 | D:5      | Killed Sigmund
  6398 | D:6      | Noticed Prince Ribbit
  6407 | D:6      | Killed Prince Ribbit
  6461 | D:6      | Found a runed door.
  6473 | D:6      | Noticed iamserjio's ghost (amateur GrFi)
  6516 | D:6      | Found a runed door.
  6813 | D:6      | Reached skill level 8 in Spellcasting
  6876 | D:6      | Found Tooni's Tempting Trifles.
  6892 | D:6      | Bought a scroll of teleportation for 36 gold pieces
  6915 | D:6      | Found an ancient bone altar of Kikubaaqudgha.
  7412 | D:6      | Reached XP level 9. HP: 29/46 MP: 16/23
  7429 | D:6      | Killed iamserjio's ghost
  7463 | D:6      | Reached skill level 1 in Fighting
  7669 | D:7      | Found a glowing golden altar of the Shining One.
  8141 | D:7      | Reached skill level 5 in Dodging
  8469 | D:7      | Reached skill level 9 in Spellcasting
  9670 | D:8      | Found a shadowy altar of Dithmenos.
  9906 | D:8      | Found Suog's Armour Boutique.
 10468 | D:8      | Reached XP level 10. HP: 52/52 MP: 18/25
 10531 | D:8      | Found a burning altar of Makhleb.
 10608 | D:9      | Found an opulent altar of Gozag.
 10676 | D:9      | Reached skill level 10 in Spellcasting
 10923 | D:9      | Noticed a cyan ugly thing
 10941 | D:9      | Killed a cyan ugly thing
 11183 | D:9      | Found a sacrificial altar of Ru.
 11572 | D:9      | Found a shadowy altar of Dithmenos.
 11572 | D:9      | Found a bloodstained altar of Trog.
 11611 | D:9      | Found a blossoming altar of Fedhas.
 11611 | D:9      | Found a basalt altar of Yredelemnul.
 11611 | D:9      | Found a radiant altar of Vehumet.
 11614 | D:9      | Found a deep blue altar of Sif Muna.
 11622 | D:9      | Became a worshipper of Vehumet
 12023 | D:10     | Entered Level 10 of the Dungeon
 12023 | D:10     | Noticed Nergalle
 12670 | D:9      | Killed Nergalle
 12829 | D:10     | Reached skill level 11 in Spellcasting
 14040 | D:10     | Reached * piety under Vehumet
 14040 | D:10     | Offered knowledge of Shock by Vehumet.
 14263 | D:10     | Found a roughly hewn altar of Beogh.
 14286 | D:10     | Noticed a gargoyle
 14289 | D:10     | Killed a gargoyle
 14628 | D:10     | Noticed an unseen horror
 14631 | D:10     | Killed an unseen horror
 14631 | D:10     | Reached skill level 10 in Conjurations
 14631 | D:10     | Reached XP level 11. HP: 21/54 MP: 17/28
 15221 | D:10     | Learned a level 3 spell: Dazzling Spray
 15283 | D:10     | Found a staircase to the Lair.
 15725 | Lair:1   | Entered Level 1 of the Lair of Beasts
 15744 | D:10     | Reached skill level 5 in Stealth
 15744 | D:10     | Reached skill level 12 in Spellcasting
 16169 | Lair:1   | Offered knowledge of Magic Dart by Vehumet.
 16357 | Lair:1   | Reached skill level 10 in Fire Magic
 16878 | Lair:2   | Found a frozen archway.
 16887 | IceCv    | Entered an ice cave
 17356 | IceCv    | Reached ** piety under Vehumet
 17684 | IceCv    | Noticed a necromancer
 17688 | IceCv    | Killed a necromancer
 17772 | Lair:2   | Reached skill level 13 in Spellcasting
 18180 | Lair:2   | Reached XP level 12. HP: 59/59 MP: 7/31
 18608 | Lair:2   | Found a staircase to the Snake Pit.
 19059 | Lair:3   | Offered knowledge of Ignite Poison by Vehumet.
 19419 | Lair:3   | Reached skill level 14 in Spellcasting
 19438 | Lair:3   | Learned a level 6 spell: Iron Shot
 19444 | Lair:3   | Learned a level 5 spell: Bolt of Magma
 19965 | Lair:3   | Reached skill level 1 in Earth Magic
 20652 | Lair:4   | Reached *** piety under Vehumet
 20963 | Lair:4   | Found a staircase to the Swamp.
 20963 | Lair:4   | Noticed a seven-headed hydra
 20966 | Lair:4   | Killed a seven-headed hydra
 21166 | Lair:4   | Offered knowledge of Throw Icicle by Vehumet.
 21651 | Lair:4   | Reached skill level 15 in Spellcasting
 22400 | Lair:5   | Reached XP level 13. HP: 64/64 MP: 27/34
 23024 | Lair:6   | Entered Level 6 of the Lair of Beasts
 23161 | Lair:6   | Reached **** piety under Vehumet
 23646 | Lair:6   | Offered knowledge of Bolt of Draining by Vehumet.
 24299 | Lair:6   | Reached skill level 16 in Spellcasting
 24606 | Lair:6   | Found a staircase to the Slime Pits.
 25356 | Lair:6   | Reached ***** piety under Vehumet
 25359 | Lair:6   | Offered knowledge of Ozocubu's Refrigeration by Vehumet.
 25687 | Lair:6   | Reached skill level 5 in Earth Magic
 25714 | Lair:6   | Mangled by an anaconda

Vault maps used:
D:1:      dpeg_arrival_circle_labyrinth_c
D:2:      nicolae_overflow_crystal_walls, kennysheep_generic_room_9,
          uniq_natasha
D:3:      serial_bayou_pond_a, minmay_close_crescents
D:4:      temple_statues, first_ration
D:5:      overflow_temple_1_default, yredelemnul_altar_generic, uniq_sigmund
D:6:      lemuel_round_altar, ebering_ghost_sewer_f, nicolae_alphabet_shops,
          uniq_prince_ribbit1
D:7:      nicolae_tso_besieged_by_evil
D:8:      kennysheep_mini, serial_shops, shop, grunt_ogre_cave,
          grunt_dithmenos_shadows
D:9:      minitemple, old_standard_altar, nicolae_gozag_seed_capital,
          gammafunk_temple_overflow_wave
D:10:     lair_entry_dummy, special_room, uniq_nergalle
Temple:   dpeg_three_leaves_temple
Lair:1:   infiniplex_staircase_pool, grunt_megastairs_4, serial_bayou_shore_b
Lair:2:   dummy_snake_entry, portal_ice_cave_entry_pillars_1
Lair:3:   minmay_lair_oklob_chamber, serial_bayou_shore_b,
          infiniplex_staircase_pool_2, grunt_megastairs_5, lemuel_fruit_fields
Lair:4:   minmay_swamp_entry_reptiles
Lair:5:   grunt_megastairs_2
Lair:6:   hangedman_lair_caniforms_friends, minmay_slime_entry_jelly_boxes,
          serial_bayou_shore_a
IceCv:    ice_cave_tombish

Skill      XL: |  1  2  3  4  5  6  7  8  9 10 11 12 13 |
---------------+----------------------------------------+-----
Fire Magic     | 4 5 6 7 9 11 12 13 | 13.2
Spellcasting   | 4 5 6 8 9 11 13 15 16 | 16.3
Conjurations   | 2 3 4 6 8 10 11 12 13 | 13.9
Dodging        | 3 4 5 6 |  6.5
Stealth        | 3 4 5 |  5.0
Shields        | 1 2 3 4 |  4.6
Fighting       | 1 |  1.8
Earth Magic    | 3 5 |  5.0
Hexes          | |  0.1

Action                   |  1- 3 |  4- 6 |  7- 9 | 10-12 | 13-15 || total
-------------------------+-------+-------+-------+-------+-------++-------
Melee: Dagger            |     1 |       |    54 |       |       ||    55
       Short sword       |       |       |       |     1 |       ||     1
       Staff             |       |       |       |       |     1 ||     1
 Cast: Flame Tongue      |    71 |   141 |   309 |   298 |    73 ||   892
       Throw Flame       |       |    10 |     6 |    67 |     8 ||    91
       Sticky Flame      |       |     1 |    31 |    85 |    23 ||   140
       Conjure Flame     |       |       |     6 |     5 |       ||    11
       Fireball          |       |       |     1 |    88 |    54 ||   143
       Dazzling Spray    |       |       |       |     2 |       ||     2
       Bolt of Magma     |       |       |       |     3 |    16 ||    19
       Iron Shot         |       |       |       |       |    12 ||    12
Evoke: Wand              |       |       |     2 |       |       ||     2
  Use: Scroll            |       |       |       |    30 |     3 ||    33
  Eat: Chunk             |     1 |     7 |    14 |    28 |    10 ||    60
       Ration            |       |     1 |     1 |     5 |       ||     7
Armor: Robe              |     9 |     3 |    17 |    13 |     2 ||    44
Dodge: Dodged            |    20 |    37 |    96 |    77 |    30 ||   260
Block: Buckler           |       |     4 |    39 |    47 |    22 ||   112

Table legend:
 A = Spawn XP
 B = Non-spawn XP
 C = Spawn XP percentage of total XP
 D = Spawn monster count
 E = Non-spawn monster count
 F = Spawn count percentage of total count
 G = Total turns spent on level
                    A         B        C        D         E        F      G
               +---------+---------+-------+---------+---------+-------+---------
         Total |       0 |   58530 |   0.0 |       0 |     502 |   0.0 | 25714
               +---------+---------+-------+---------+---------+-------+---------
           D:1 |       0 |      78 |   0.0 |       0 |      37 |   0.0 |  1927
           D:2 |       0 |     239 |   0.0 |       0 |      26 |   0.0 |  1303
           D:3 |       0 |     167 |   0.0 |       0 |      22 |   0.0 |  1175
           D:4 |       0 |     520 |   0.0 |       0 |      39 |   0.0 |   806
           D:5 |       0 |     848 |   0.0 |       0 |      23 |   0.0 |  1118
           D:6 |       0 |    1749 |   0.0 |       0 |      33 |   0.0 |  2310
           D:7 |       0 |    1036 |   0.0 |       0 |      31 |   0.0 |   825
           D:8 |       0 |    1316 |   0.0 |       0 |      14 |   0.0 |  1189
           D:9 |       0 |    3016 |   0.0 |       0 |      23 |   0.0 |  3199
          D:10 |       0 |    3388 |   0.0 |       0 |      49 |   0.0 |  1883
        Lair:1 |       0 |    3028 |   0.0 |       0 |      15 |   0.0 |  1151
        Lair:2 |       0 |    5076 |   0.0 |       0 |      24 |   0.0 |  1100
        Lair:3 |       0 |    4159 |   0.0 |       0 |      16 |   0.0 |  1266
        Lair:4 |       0 |    8437 |   0.0 |       0 |      37 |   0.0 |  1868
        Lair:5 |       0 |    4525 |   0.0 |       0 |      16 |   0.0 |  1386
        Lair:6 |       0 |   17530 |   0.0 |       0 |      79 |   0.0 |  2255
         IceCv |       0 |    3418 |   0.0 |       0 |      18 |   0.0 |   869
               +---------+---------+-------+---------+---------+-------+---------
